 Dungeon Crawl Stone Soup version 0.20.0-15-g7f486f2 (webtiles) character file.

189 greprep the Grave Robber (level 5, -5/28 HPs)
             Began as a Deep Elf Necromancer on June 20, 2017.
             Was an Initiate of Ashenzari.
             Slain by a phantom (10 damage)
             ... on level 3 of the Dungeon.
             The game lasted 00:11:15 (6382 turns).

greprep the Grave Robber (Deep Elf Necromancer)     Turns: 6382, Time: 00:11:16

Health: -5/28      AC:  1    Str:  7    XL:     5   Next: 40%
Magic:  12/14      EV: 13    Int: 21    God:    Ashenzari [......]
Gold:   104        SH:  0    Dex: 17    Spells: 3/14 levels left

rFire    + . .     SeeInvis .   g - +0 short sword
rCold    + . .     Gourm    .   (no shield)
rNeg     . . .     Faith    .   a - +0 robe
rPois    +         Spirit   .   (no helmet)
rElec    +         Reflect  .   (no cloak)
rCorr    +         Harm     .   (no gloves)
MR       .....                  (no boots)
Stlth    ++........             (no amulet)
Regen    0.1/turn               (no ring)
MPRegen  0.2/turn               (no ring)

@: resistant, very slightly contaminated
A: hooves 1, agile 1, deformed body, strong 1, evolution 1, sturdy frame 1
a: Curse Item, Renounce Religion


You were on level 3 of the Dungeon.
You worshipped Ashenzari.
Ashenzari was noncommittal.
You were not hungry.

You visited 1 branch of the dungeon, and saw 4 of its levels.

You collected 104 gold pieces.

Inventory:

Hand Weapons
 g - a +0 short sword (weapon)
Armour
 a - a +0 robe (worn)
Wands
 s - a wand of confusion (12/48)
Scrolls
 e - a scroll of fear {unknown}
 f - a scroll of identify {unknown}
 h - 2 scrolls of fog {unknown}
 l - 2 scrolls of recharging {unknown}
 o - 2 scrolls of enchant weapon {unknown}
 p - a scroll of remove curse
 q - 2 scrolls of teleportation {unknown}
 r - 2 scrolls of enchant armour {unknown}
 t - a scroll of random uselessness {unknown}
Books
 b - a book of Necromancy

   Spells                             Type                      Level
   a - Pain                           Necromancy                   1
   b - Animate Skeleton               Necromancy                   1
   c - Vampiric Draining              Necromancy                   3
   d - Regeneration                   Charms/Necromancy            3
   e - Animate Dead                   Necromancy                   4
   f - Control Undead                 Necromancy                   4
Comestibles
 k - 3 fruits
 m - a meat ration


   Skills:
 + Level 0.1 Fighting
 + Level 1.2 Short Blades
 + Level 2.8 Dodging
 + Level 3.5 Stealth
 + Level 5.0 Spellcasting
 + Level 6.2 Necromancy


You had 3 spell levels left.
You knew the following spells:

 Your Spells              Type           Power        Failure   Level  Hunger
a - Pain                  Necr           ####         1%          1    None
b - Vampiric Draining     Necr           ####......   2%          3    ##.....
c - Animate Dead          Necr           N/A          9%          4    ####...
d - Regeneration          Chrm/Necr      ###.......   9%          3    ##.....


Dungeon Overview and Level Annotations

Branches:
Dungeon (4/15)
 Temple: D:4-7

Altars:
Ashenzari
Cheibriados
Yredelemnul


Innate Abilities, Weirdness & Mutations

You have large cloven feet.
You are agile. (Dex +2)
Armour fits poorly on your strangely shaped body.
Your muscles are strong. (Str +2)
You evolve.
Your movements are slightly less encumbered by armour. (ER -2)


Message History

You barely miss the phantom. You kick the phantom, but do no damage.
The phantom is severely damaged.
The phantom hits you.
* * * LOW HITPOINT WARNING * * *
The phantom blinks!
The phantom blinks!
Casting: Regeneration
Confirm with . or Enter, or press ? or * to list all spells.
You miscast Regeneration.
You are very lightly contaminated with residual magic.
The phantom blinks!
The phantom blinks!
The phantom blinks!
The phantom blinks!
You are too injured to fight recklessly!
The phantom hits you but does no damage.
You barely miss the phantom.
The phantom is severely damaged.
The phantom hits you!
You die...

###.######............#
##.# #.#......(...#
##..# #.####.......#
...#######.# ##.....##
.#####..(<.# ##.....##
.# ##..##### #>......#
####..## #####.......#
#....## ##...........#
..########..#...@....##
........#..##..W....##
#######...###....####
##(...).......#
##..#######....#
###..## #....# #>..##
###### ..### ###


You could see a phantom.

Vanquished Creatures
  A scorpion (D:3)
  An iguana (D:3)
  3 adders
  2 worms
  2 dart slugs
  4 leopard geckos
  2 orcs (D:3)
  8 giant cockroaches
  6 goblins
  5 hobgoblins
  5 jackals
  2 quokkas
  A ball python (D:3)
  11 bats
  A frilled lizard (D:3)
  6 kobolds
  7 rats
67 creatures vanquished.

Vanquished Creatures (collateral kills)
  A leopard gecko (D:3)
  A frilled lizard (D:3)
2 creatures vanquished.

Grand Total: 69 creatures vanquished

Notes
Turn   | Place    | Note
-------+----------+-------------------------------------------
     0 | D:1      | greprep the Deep Elf Necromancer began the quest for the Orb.
     0 | D:1      | Reached XP level 1. HP: 10/10 MP: 6/6
   305 | D:1      | Reached skill level 5 in Necromancy
   808 | D:1      | Reached XP level 2. HP: 15/15 MP: 6/8
  2408 | D:2      | Reached XP level 3. HP: 18/19 MP: 8/10
  2465 | D:2      | Found a snail-covered altar of Cheibriados.
  3360 | D:2      | Learned a level 3 spell: Vampiric Draining
  4181 | D:3      | Reached XP level 4. HP: 24/24 MP: 10/12
  5420 | D:3      | Noticed a phantom
  5573 | D:3      | Learned a level 4 spell: Animate Dead
  5628 | D:3      | Learned a level 3 spell: Regeneration
  5918 | D:3      | Found a basalt altar of Yredelemnul.
  5919 | D:3      | Found a shattered altar of Ashenzari.
  5931 | D:3      | Became a worshipper of Ashenzari the Shackled
  5987 | D:3      | Reached skill level 6 in Necromancy
  6159 | D:3      | Reached XP level 5. HP: 25/28 MP: 14/14
  6199 | D:3      | Reached skill level 1 in Short Blades
  6199 | D:3      | Reached skill level 5 in Spellcasting
  6351 | D:3      | Gained mutation: You are agile. (Dex +2) [potion of mutation]
  6351 | D:3      | Gained mutation: You are very agile. (Dex +4) [potion of mutation]
  6351 | D:3      | Gained mutation: Your body sometimes deteriorates upon taking damage. [potion of mutation]
  6351 | D:3      | Gained mutation: You have a pair of small horns on your head. [potion of mutation]
  6352 | D:3      | Lost mutation: Your body sometimes deteriorates upon taking damage. [potion of mutation]
  6352 | D:3      | Lost mutation: You have a pair of small horns on your head. [potion of mutation]
  6352 | D:3      | Lost mutation: You are very agile. (Dex +4) [potion of mutation]
  6352 | D:3      | Gained mutation: You have large cloven feet. [potion of mutation]
  6352 | D:3      | Gained mutation: Your muscles are strong. (Str +2) [potion of mutation]
  6352 | D:3      | Gained mutation: Armour fits poorly on your strangely shaped body. [potion of mutation]
  6352 | D:3      | Gained mutation: You evolve. [potion of mutation]
  6371 | D:3      | Gained mutation: Your movements are slightly less encumbered by armour. (ER -2) [evolution]
  6382 | D:3      | Slain by a phantom

Skill      XL: |  1  2  3  4  5 |
---------------+----------------+-----
Necromancy     | 5 6 |  6.2
Stealth        | 3 |  3.5
Spellcasting   | 4 5 |  5.0
Short Blades   | 1 |  1.2
Fighting       | |  0.1
Dodging        | |  2.8

Action                   |  1- 3 |  4- 6 || total
-------------------------+-------+-------++-------
Melee: Short sword       |    69 |    89 ||   158
       Kick              |       |     1 ||     1
 Cast: Pain              |    49 |    26 ||    75
       Vampiric Draining |     2 |     9 ||    11
       Animate Dead      |       |     4 ||     4
       Regeneration      |       |     5 ||     5
Evoke: Wand              |       |     1 ||     1
  Use: Potion            |       |     6 ||     6
 Stab: Sleeping          |     2 |     5 ||     7
  Eat: Chunk             |     9 |     5 ||    14
       Bread ration      |       |     1 ||     1
Armor: Robe              |    22 |    25 ||    47
Dodge: Dodged            |    72 |    82 ||   154
